 Dungeon Crawl Stone Soup version 0.31-a0-564-g3b7de120b3 (webtiles) character file.

Game seed: 7250855709900531518

65 Newt the Cutter (level 3, -2/29 HPs)
             Began as a Demonspawn Gladiator on Aug 17, 2023.
             Killed by divine providence
             ... invoked by an orc priest
              (12 damage)
             ... on level 2 of the Dungeon.
             The game lasted 00:01:04 (1617 turns).

Newt the Cutter (Demonspawn Gladiator)              Turns: 1617, Time: 00:01:04

Health: -2/29      AC:  4    Str: 16    XL:     3   Next: 92%
Magic:  12/12      EV: 12    Int:  9    God:
Gold:   119        SH:  0    Dex: 14    Spells: 2/2 levels left

rFire   . . .        a - +0 rapier
rCold   . . .        (no shield)
rNeg    . . .        b - +0 leather armour
rPois   .            c - +0 helmet
rElec   .            (no cloak)
rCorr   .            (no gloves)
SInv    .            (no boots)
Will    .....        (no amulet)
Stlth   +            f - ring of magical power
HPRegen 0.24/turn    (no ring)
MPRegen 0.13/turn

%: no passive effects
@: no status effects
A: powered by death 2
a: no special abilities


You were on level 2 of the Dungeon.
You visited 1 branch of the dungeon, and saw 2 of its levels.

You collected 119 gold pieces.

Inventory:

Hand Weapons
 a - a +0 rapier (weapon)
 g - a +1 dagger of pain
Missiles
 d - 2 throwing nets (quivered)
 e - a javelin
Armour
 b - a +0 leather armour (worn)
 c - a +0 helmet (worn)
Jewellery
 f - a ring of magical power (left hand)
Scrolls
 h - a scroll of enchant weapon {unknown}
 i - a scroll of butterflies {unknown}
 k - a scroll of identify {unknown}
Potions
 j - a potion of curing {unknown}


   Skills:
 - Level 3.0 Fighting
 + Level 3.7 Short Blades
 - Level 2.0 Throwing
 - Level 2.8 Dodging


You had 2 spell levels left.
You didn't know any spells.
Your spell library was empty.

Dungeon Overview and Level Annotations

Branches:
Dungeon (2/15)

Altars:


Innate Abilities, Weirdness & Mutations

You regenerate health from kills.


Message History

The orc priest hits you with a +0 mace.
You closely miss the orc priest.
The orc priest is moderately wounded.
The orc priest mumbles some strange prayers to Beogh against you.
Beogh smites you!
* * * LOW HITPOINT WARNING * * *
You are too injured to fight recklessly!
You are too injured to fight recklessly!
You are too injured to fight recklessly!
Unknown command.
Throw: 3 throwing nets
Press: ? - help, Q - select action, (/) - cycle Shift-Dir - straight line, f - orc priest
Aim: an orc priest, wielding a +0 mace (moderately wounded, 57% to hit)
You throw a throwing net. The throwing net hits the orc priest.
The orc priest is caught in the net!
The orc priest is moderately wounded.
The orc priest struggles against the net.
You hit the orc priest.
The orc priest is moderately wounded.
The orc priest struggles against the net.
You catch the helpless orc priest completely off-guard!
You puncture the orc priest!
The orc priest is almost dead.
The orc priest struggles against the net.
You hit the orc priest but do no damage.
The orc priest is almost dead.
The orc priest struggles against the net.
You hit the orc priest.
You punch the orc priest, but do no damage.
The orc priest is almost dead.
The orc priest struggles against the net.
The net rips apart, and the orc priest comes free!
You closely miss the orc priest.
The orc priest is almost dead.
The orc priest barely misses you.
You barely miss the orc priest.
The orc priest is almost dead.
The orc priest calls down the wrath of Beogh upon you.
Beogh smites you!
You die...

#.# ## #> #.# #. #.# .##
######.# ..# #......# # ##
#.# #......# ## ##.##.#
#......# ##.
####...#.######......####..
.......oo@..<..........'..
##....#.####.##......###..
###....##.# #.##.##.#.# ##.
..........# #.##.####.# ##
#......o#.# #.##.####.# #
#.....o.#.# #.........#
#.......#.# ####.######
#.......#.# #.......# ###
#.......#.# #.##.##.# ##.#


You could see 2 orc priests.

Vanquished Creatures
  An orc priest (D:1)
  4 orcs (D:1)
  6 ball pythons
  2 endoplasms (D:1)
  3 giant cockroaches (D:1)
  2 kobolds
  3 bats (D:1)
  5 frilled lizards
  2 goblins (D:1)
  5 rats (D:1)
33 creatures vanquished.

Notes
Turn   | Place    | Note
-------+----------+-------------------------------------------
     0 | D:1      | Newt the Demonspawn Gladiator began the quest for the Orb.
     0 | D:1      | Reached XP level 1. HP: 16/16 MP: 1/1
   148 | D:1      | Gained mutation: You regenerate a little health from kills.
                  | [demonic ancestry]
   148 | D:1      | Reached XP level 2. HP: 13/22 MP: 2/2
   989 | D:1      | Gained mutation: You regenerate health from kills. [demonic
                  | ancestry]
   989 | D:1      | Reached XP level 3. HP: 11/29 MP: 3/3
  1617 | D:2      | Killed from afar by an orc priest

Illustrated notes

Levels and vault maps discovered:
D:1:      wheals_arrival_shading, layout_basic
D:2:      cheibrodos_pilgrimage, layout_loops_corners

Skill      XL: |  1  2  3 |
---------------+----------+-----
Throwing       | 2 |  2.0
Fighting       | 3 |  3.0
Short Blades   | 3 |  3.7
Dodging        | |  2.8

Action                     || total
---------------------------++-------
  Melee: Rapier            ||   106
         Punch             ||     1
  Throw: Throwing net      ||     1
   Stab: Sleeping          ||     1
         Held in net/web   ||     1
 Armour: Leather armour    ||    35
  Dodge: Dodged            ||    59

Table legend: (Time is in decaauts)
 A = Elapsed time spent in this place.
 B = Non-inter-level travel time spent in this place.
 C = Inter-level travel time spent in this place.
 D = Time resting spent in this place.
 E = Time spent auto-exploring this place.
 F = Levels seen in this place.
 G = Mean time per level.
                   A        B        C        D        E       F      G
               +--------+--------+--------+--------+--------+-----+--------+
         Total |   1624 |   1585 |     39 |    585 |    773 |   2 |  812.0 |
       Dungeon |   1624 |   1585 |     39 |    585 |    773 |   2 |  812.0 |
               +--------+--------+--------+--------+--------+-----+--------+

Top non-repeatable levels by time:
     D:1: 1441 daAuts
     D:2: 182 daAuts
